 Dungeon Crawl Stone Soup version 0.30-a0-715-gdb4ae3ece1 (webtiles) character file.

Game seed: 3531967312739541447

109526 Arximoufas the Severer (level 16, -4/133 HPs)
             Began as a Demonspawn Berserker on Jan 24, 2023.
             Was a Priest of Trog.
             Slain by a goliath frog (17 damage)
             ... on level 3 of the Swamp.
             The game lasted 02:02:47 (33504 turns).

Arximoufas the Severer (Demonspawn Berserker)      Turns: 33504, Time: 02:02:47

Health: -4/133     AC: 44    Str: 24    XL:     16   Next: 5%
Magic:  11/11      EV:  6    Int: 19    God:    Trog [***...]
Gold:   1775       SH:  0    Dex: 12    Spells: 15/15 levels left

rFire   . . .      SeeInvis .    j - +2 battleaxe (antimagic)
rCold   . . .      Faith    .    (shield currently unavailable)
rNeg    . . .      Spirit   .    t - +8 orange crystal plate armour {Archmagi, Int+3 Clar}
rPois   +          Reflect  .    B - +3 hat of Pondering {ponderous, Will+ MP+10 Int+5}
rElec   .          Harm     .    f - +1 cloak {rCorr}
rCorr   +          Rampage  .    P - +0 pair of gloves
Will    +++++      Archmagi +    l - +5 pair of boots of Sunlight {Will+} Stlth Clarity +
                                 r - amulet of regeneration
HPRegen 2.22/turn                w - ring "Bipsyecku" {Fly MP+9}
MPRegen 0.12/turn                I - ring of poison resistance

@: strong-willed, corroded, on berserk cooldown, flying, regenerating, slowed,
studying Polearms, very slow
A: claws 1, molten scales 2, ignite blood 3, powered by death 1, bedeviling
a: Renounce Religion, Berserk, Trog's Hand


You were on level 3 of the Swamp.
You worshipped Trog.
Trog was most pleased with you.
You visited 5 branches of the dungeon, and saw 22 of its levels.
You also visited: Sewer, Gauntlet and Ice Cave.

You collected 2014 gold pieces.
You spent 239 gold pieces at shops.

Inventory:

Hand Weapons
 e - a +1 heavy executioner's axe
 j - a +2 antimagic battleaxe (weapon)
 H - a +1 dire flail
 M - a +2 broad axe of freezing
Armour
 f - a +1 cloak of preservation (worn)
 l - the +5 pair of boots of Sunlight (worn) {Will+}
   (You acquired it on level 3 of the Swamp)

   Will:      It increases your willpower.
 t - the +8 orange crystal plate armour (worn) {Archmagi, Int+3 Clar}
   (You acquired it on level 3 of the Swamp)

   Int:       It affects your intelligence (+3).
   Clar:      It protects you against confusion.
 B - the +3 hat of Pondering (worn) {ponderous, Will+ MP+10 Int+5}
   (You took it off Gastronok on level 8 of the Dungeon)

   Int:       It affects your intelligence (+5).
   MP:        It affects your magic capacity (+10).
   Will:      It increases your willpower.
 N - a +0 plate armour
 P - a +0 pair of gloves (worn)
Jewellery
 i - a ring of positive energy
 p - the ring "Arghaock" {Ice rPois Dex+2}
   (You found it in an ice cave)

   [ring of ice]

   It enhances your ice magic.
   Dex:       It affects your dexterity (+2).
   rF:        It makes you vulnerable to fire.
   rC:        It protects you from cold.
   rPois:     It protects you from poison.
 r - an amulet of regeneration (around neck)
 w - the ring "Bipsyecku" (left hand) {Fly MP+9}
   (You found it in an ice cave)

   [ring of magical power]

   MP:        It affects your magic capacity (+9).
   Fly:       It grants you flight.
 C - a +4 ring of protection
 I - a ring of poison resistance (right hand)
 U - a +4 ring of protection
 Y - the ring "Myfe" {rF+ EV+5 Str+2 Dex+2}
   (You found it in an ice cave)

   [ring of evasion]

   EV:        It affects your evasion (+5).
   Str:       It affects your strength (+2).
   Dex:       It affects your dexterity (+2).
   rF:        It protects you from fire.
 Z - the ring "Asibrelo" {Will+ Str+6}
   (You found it in an ice cave)

   [ring of strength]

   Str:       It affects your strength (+6).
   Will:      It increases your willpower.
Wands
 g - a wand of roots (6)
 n - a wand of flame (27)
Scrolls
 c - 4 scrolls of enchant armour
 k - 4 scrolls of fog
 m - a scroll of teleportation
 q - 6 scrolls of fear
 u - 2 scrolls of brand weapon
 v - a scroll of enchant weapon
 z - a scroll of silence
 E - a scroll of butterflies
 G - 3 scrolls of amnesia
 L - 3 scrolls of magic mapping
Potions
 a - 2 potions of ambrosia
 b - 8 potions of flight
 d - 6 potions of curing
 h - 4 potions of mutation
 o - a potion of might {unknown}
 s - a potion of cancellation {unknown}
 A - 6 potions of berserk rage
 D - 2 potions of brilliance {unknown}
 R - a potion of invisibility
 T - 3 potions of magic
 W - 2 potions of resistance {unknown}
Miscellaneous
 J - a lightning rod (4/4)
 X - a phantom mirror


   Skills:
 - Level 14.0 Fighting
 * Level 18.6(18.9) Axes
 - Level 5.0(13.1) Maces & Flails
 - Level 14.3 Armour
 - Level 1.7 Dodging


You had 15 spell levels left.
You didn't know any spells.
Your spell library was empty.

Dungeon Overview and Level Annotations

Branches:
Dungeon (11/15)            Temple (0/1) D:7            Lair (5/5) D:11
  Swamp (3/4) Lair:2       Spider (0/4) Lair:2        Slime (1/5) Lair:5
    Orc (2/2) D:9             Elf (0/3) Orc:2         Sewer (visited)
  IceCv (visited)         Gauntlet (visited)

Altars:
Cheibriados
Hepliaklqana
Makhleb
Qazlal
Trog
Uskayaw
Wu Jian

Shops:
D:3 =   D:4 (*?*   D:10 =   Orc:2 (**(:[

Annotations:
D:4 3 runed translucent doors, thfrgi's ghost, amateur DsGl
D:7 exclusion: ice statue
Swamp:3 Syrassil's ghost, adept OgBr


Innate Abilities, Weirdness & Mutations

You have sharp fingernails.
You are mostly covered in molten scales. (AC +3)
Your demonic aura causes all spilled blood to erupt in flames.
You regenerate a little health from kills.
Your hexes are more powerful.


Message History

The 11-headed hydra is engulfed in blazing flames.
You kill the 11-headed hydra!
Trog accepts your kill.
The goliath frog hits you but does no damage.
The goliath frog is engulfed in blazing flames.
The goliath frog hits you but does no damage.
You closely miss the goliath frog. You hit the tyrant leech.
The goliath frog is engulfed in blazing flames.
The goliath frog hits you from afar!
* * * LOW HITPOINT WARNING * * *
You are splashed with acid.
You resist.
* * * LOW HITPOINT WARNING * * *
You are too berserk!
You are too berserk!
You hear a deafening roar!
The goliath frog hits you but does no damage.
The tyrant leech is engulfed in blazing flames.
The goliath frog is engulfed in blazing flames.
You feel a strong urge to attack something.
You are no longer berserk.
You are exhausted.
You feel yourself slow down.
The goliath frog is engulfed in blazing flames.
The moth of wrath goads something on!
The moth of wrath goads the tyrant leech on!
The tyrant leech goes berserk!
The tyrant leech is engulfed in blazing flames.
The swamp dragon rages.
As you read the scroll of fear, it crumbles to dust.
You assume a fearsome visage.
The goliath frog is unaffected.
The moth of wrath looks frightened!
The tyrant leech is unaffected.
The goliath frog is engulfed in blazing flames.
You kill the goliath frog!
Trog accepts your kill. The goliath frog hits you.
* * * LOW HITPOINT WARNING * * *
You are splashed with acid.
You resist.
* * * LOW HITPOINT WARNING * * *
The tyrant leech barely misses you. The goliath frog hits you!
You die...

♣~.~[~...##wWD.[.#..~~..♣
♣..[....##....#(.##.~~~.♣
♣.~.~.§.#...#...#.#.~~~.♣♣
♣.......##..##.#..#.~~..~♣
♣...~...©#.#...#$##..~.♣♣♣
♣~~.~~..##.....#y#....~♣
♣..~....#...#W°w"#©..♣~♣
♣~..~...#.#w°○#.?#...♣.♣♣♣♣
♣.~.~...##@#.F..!##.~~~§♣♣.
♣........#.F.#.#..#.~~~.~~~
♣♣~~.~~..#...#.#..#.~~..~§§
♣~~.....#.......##...~♣...
♣♣.......###...###..♣♣♣♣~.~
♣..~~~.~...#####...♣♣ ♣♣~~
♣~.§.~.~.~.......##♣ ♣♣♣
♣♣...~...~..♣♣♣♣♣♣
♣.~...~.~..♣♣


You could see 2 tyrant leeches, a moth of wrath (fleeing), a goliath frog
(berserk) and Syrassil's ghost.

Vanquished Creatures
  Gastronok (D:8)
  2 thorn hunters (Swamp:3)
  A rockslime (Lair:5)
  An azure jelly (IceCv)
  A fenstrider witch (Swamp:3)
  An orc warlord (Orc:2)
  3 quicksilver oozes (IceCv)
  5 bunyips
  5 eleionomae
  A minotaur (Lair:1)
  The ghost of martty the Spear-Bearer, a journeyman MiFi of Jiyva (Swamp:1)
  A dire elephant (Lair:4)
  Snorg (D:10)
  Fannar (Lair:3)
  9 hydras
  5 catoblepae
  The ghost of pantherbaby0 the Covert, a journeyman OpBr of Dithmenos (Lair:1)
  7 alligators
  A two-headed ogre (D:9)
  14 death yaks
  3 orc high priests (Orc:2)
  5 spriggans
  6 goliath frogs
  A pharaoh ant (Lair:2)
  A spriggan druid (Swamp:3)
  A bog body (Swamp:1)
  4 swamp dragons
  Pikel (D:6)
  A lindwurm (Lair:4)
  3 orc knights (Orc:2)
  8 orc sorcerers
  3 will-o-the-wisps
  3 manticores (Lair:5)
  A moth of wrath (Swamp:3)
  11 elephants
  3 black mambas
  Joseph (D:8)
  2 ice statues (IceCv)
  10 cane toads
  5 komodo dragons
  10 rime drakes
  2 unseen horrors (D:11)
  4 polar bears
  8 tyrant leeches
  7 hornets
  4 trolls
  Grinder (D:6)
  A tarantella (Lair:1)
  13 blink frogs
  A jumping spider (Lair:2)
  A wraith (D:10)
  24 slime creatures (IceCv)
  A shadow (D:10)
  13 wyverns
  40 yaks
  12 basilisks
  4 steam dragons
  A redback (Lair:1)
  5 vampire mosquitoes (Swamp:1)
  4 wargs
  2 acid dragons
  12 swamp worms
  Edmund (D:5)
  15 water moccasins
  A hell hound (Lair:5)
  17 orc warriors
  A swamp drake (Swamp:1)
  4 black bears
  2 ice beasts
  A great orb of eyes simulacrum (IceCv)
  5 wolves (Lair:1)
  9 ogres
  6 centaurs
  4 lemures (D:6)
  A phantom (D:7)
  A slime creature simulacrum (IceCv)
  Blork the orc (D:6)
  12 bullfrogs
  A kobold brigand (D:6)
  A gnoll sergeant (D:10)
  3 necrophages
  2 glowing shapeshifter simulacra (IceCv)
  2 scorpions
  5 wights (D:7)
  12 killer bees
  4 howler monkeys
  Crazy Yiuf (D:6)
  2 hounds
  6 jellies
  9 orc priests
  A gnoll bouda (D:5)
  2 iguanas (Lair:2)
  15 orc wizards
  14 hell rats
  2 shapeshifter simulacra (IceCv)
  14 gnolls
  4 adders
  A river rat (D:5)
  A shadow imp (D:5)
  2 white imps
  An ufetubus (D:4)
  3 worms
  2 dart slugs
  52 orcs
  7 endoplasms
  10 goblins
  10 hobgoblins
  7 jackals
  10 kobolds
  3 quokkas (D:5)
  4 ball pythons
  7 bats
  2 frilled lizards (D:1)
  6 rats
614 creatures vanquished.

Vanquished Creatures (collateral kills)
  Mlioglotl (Swamp:3)
  An eleionoma (Swamp:3)
  A ghost crab (Swamp:3)
  A boulder beetle (Lair:1)
  A bog body (Swamp:3)
  An orc knight (Orc:1)
  An orc sorcerer (Orc:2)
  A slime creature (IceCv)
  A komodo dragon (Lair:1)
  2 swamp worms (Swamp:3)
  An orc warrior (Orc:2)
  A glowing shapeshifter simulacrum (IceCv)
13 creatures vanquished.

Vanquished Creatures (others)
  A bloated husk (Swamp:3)
  A briar patch (Swamp:3)
  34 foxfires
  72 fungi
  95 plants
  16 toadstools
  5 withered plants (Gauntlet)
224 creatures vanquished.

Grand Total: 851 creatures vanquished

Notes
Turn   | Place    | Note
-------+----------+-------------------------------------------
     0 | D:1      | Arximoufas the Demonspawn Berserker began the quest for the
                  | Orb.
     0 | D:1      | Reached XP level 1. HP: 18/18 MP: 1/1
    31 | D:1      | Found a faded altar of an unknown god.
   493 | D:1      | Gained mutation: You are partially covered in molten
                  | scales. (AC +2) [demonic ancestry]
   493 | D:1      | Reached XP level 2. HP: 17/24 MP: 2/2
   925 | D:2      | Reached XP level 3. HP: 29/29 MP: 3/3
  1499 | D:2      | Reached ** piety under Trog
  1876 | D:3      | Found Simpyaw's Jewellery Boutique.
  2007 | D:3      | Found a burning altar of Makhleb.
  2372 | D:4      | Found Vienk's Magic Scroll Boutique.
  2380 | D:4      | Bought a scroll of identify for 22 gold pieces
  2510 | D:4      | Found a runed translucent gate.
  2511 | D:4      | Found a runed translucent gate.
  2512 | D:4      | Found a runed translucent gate.
  2513 | D:4      | Noticed thfrgi's ghost (amateur DsGl)
  2566 | D:4      | Found Tiduanoq's General Store.
  2772 | D:4      | Gained mutation: You are mostly covered in molten scales.
                  | (AC +3) [demonic ancestry]
  2772 | D:4      | Reached XP level 4. HP: 31/37 MP: 4/4
  2798 | D:4      | Found Celag's Weapon Shop.
  2862 | D:4      | Found Qonod's General Store.
  2867 | D:4      | Bought a +0 pair of boots for 45 gold pieces
  2917 | D:4      | Identified the +1 war axe of Responsibility {holy, SInv}
  2975 | D:4      | Noticed a necrophage
  2983 | D:4      | Killed a necrophage
  2984 | D:4      | Reached XP level 5. HP: 42/42 MP: 5/5
  3259 | D:5      | Entered Level 5 of the Dungeon
  3303 | D:5      | Noticed an ogre
  3308 | D:5      | Killed an ogre
  3347 | D:5      | Gained mutation: Your demonic aura sometimes causes spilled
                  | blood to erupt in flames. [demonic ancestry]
  3347 | D:5      | Reached XP level 6. HP: 45/49 MP: 6/6
  3477 | D:5      | Reached skill level 5 in Fighting
  3529 | D:5      | Found a glowing drain.
  3537 | Sewer    | Entered a sewer
  3576 | Sewer    | Noticed a water moccasin
  3579 | Sewer    | Killed a water moccasin
  3580 | Sewer    | Reached XP level 7. HP: 56/56 MP: 7/7
  3952 | D:5      | Reached skill level 5 in Maces & Flails
  3960 | D:5      | Reached *** piety under Trog
  4316 | D:5      | Reached skill level 1 in Axes
  4337 | D:5      | Noticed Edmund
  4342 | D:5      | Killed Edmund
  4343 | D:5      | Reached skill level 2 in Axes
  4925 | D:6      | Reached skill level 3 in Axes
  5037 | D:6      | Noticed Blork the orc
  5049 | D:6      | Killed Blork the orc
  5050 | D:6      | Reached skill level 4 in Axes
  5050 | D:6      | Gained mutation: You have sharp fingernails. [demonic
                  | ancestry]
  5050 | D:6      | Reached XP level 8. HP: 55/63 MP: 8/8
  5111 | D:6      | Noticed Pikel
  5267 | D:6      | Reached skill level 5 in Axes
  5663 | D:6      | Reached skill level 6 in Axes
  6052 | D:6      | Killed Pikel
  6053 | D:6      | Reached skill level 7 in Axes
  6098 | D:6      | Gained mutation: Your demonic aura often causes spilled
                  | blood to erupt in flames. [demonic ancestry]
  6098 | D:6      | Reached XP level 9. HP: 68/68 MP: 9/9
  6099 | D:6      | Noticed Grinder
  6100 | D:6      | Found a hazy altar of Hepliaklqana.
  6117 | D:6      | Killed Grinder
  6118 | D:6      | Reached skill level 8 in Axes
  6485 | D:6      | Found a runed translucent door.
  6486 | D:6      | Noticed Crazy Yiuf
  6494 | D:6      | Killed Crazy Yiuf
  6910 | D:7      | Reached skill level 9 in Axes
  6933 | D:7      | Found a staircase to the Ecumenical Temple.
  7104 | D:7      | Reached **** piety under Trog
  7215 | D:7      | Reached skill level 10 in Axes
  7600 | D:7      | Noticed an ice statue
  8154 | D:8      | Reached XP level 10. HP: 58/74 MP: 10/10
  8214 | D:8      | Reached skill level 11 in Axes
  8401 | D:8      | Noticed Gastronok
  8445 | D:8      | Killed Gastronok
  8446 | D:8      | Reached skill level 12 in Axes
  8513 | D:8      | Noticed Joseph
  8528 | D:8      | Killed Joseph
  8529 | D:8      | Reached skill level 5 in Armour
  9520 | D:9      | Found a hide-covered altar of Uskayaw.
  9647 | D:9      | Reached ***** piety under Trog
  9650 | D:9      | Noticed a two-headed ogre
  9674 | D:9      | Killed a two-headed ogre
  9851 | D:9      | Found a staircase to the Orcish Mines.
 10092 | D:9      | Found a stormy altar of Qazlal.
 10106 | D:9      | Reached XP level 11. HP: 74/80 MP: 11/11
 10143 | D:9      | Found a bloodstained altar of Trog.
 10265 | D:9      | Found an ornate altar of the Wu Jian Council.
 10305 | D:10     | Entered Level 10 of the Dungeon
 10305 | D:10     | Found a snail-covered altar of Cheibriados.
 10528 | D:10     | Noticed Snorg
 10540 | D:10     | Killed Snorg
 10939 | D:10     | Found Mesigg's Jewellery Emporium.
 11770 | D:11     | Found a staircase to the Lair.
 12659 | Lair:1   | Entered Level 1 of the Lair of Beasts
 12770 | Lair:1   | Noticed a boulder beetle
 12817 | Lair:1   | Killed a boulder beetle
 13193 | Lair:1   | Found a runed translucent gate.
 13193 | Lair:1   | Found a runed translucent gate.
 13193 | Lair:1   | Found a runed translucent gate.
 13227 | Lair:1   | Noticed a minotaur
 13236 | Lair:1   | Noticed pantherbaby0's ghost (journeyman OpBr)
 13478 | Lair:1   | You fall into a shaft and drop 1 floor!
 13530 | Lair:2   | Reached skill level 13 in Axes
 13961 | Lair:2   | Noticed a six-headed hydra
 13969 | Lair:2   | Killed a three-headed hydra
 13970 | Lair:2   | Reached XP level 12. HP: 92/92 MP: 12/12
 14138 | Lair:2   | Reached skill level 10 in Armour
 14177 | Lair:2   | Found a hole to the Spider Nest.
 14201 | Lair:1   | HP: 1/91 [elephant (7)]
 14966 | Lair:1   | Killed pantherbaby0's ghost
 14968 | Lair:1   | Killed a minotaur
 15276 | Lair:2   | Noticed a catoblepas
 15303 | Lair:2   | Killed a catoblepas
 15458 | Lair:2   | Noticed a seven-headed hydra
 15464 | Lair:2   | Killed a three-headed hydra
 15568 | Lair:2   | Noticed a catoblepas
 15578 | Lair:2   | Killed a catoblepas
 15579 | Lair:2   | Reached skill level 14 in Axes
 15931 | Lair:2   | Noticed a six-headed hydra
 15941 | Lair:2   | Killed a two-headed hydra
 16259 | Lair:2   | Reached skill level 10 in Fighting
 16352 | Lair:2   | Reached XP level 13. HP: 90/103 MP: 13/13
 16625 | Lair:2   | Found a staircase to the Swamp.
 17165 | Lair:3   | Found a gate leading to a gauntlet.
 17186 | Gauntlet | Entered a Gauntlet
 17186 | Gauntlet | Found a transporter.
 17186 | Gauntlet | Found a transporter.
 17192 | Gauntlet | Found a transporter.
 17206 | Gauntlet | Found a transporter.
 17220 | Gauntlet | Found a transporter.
 17233 | Gauntlet | Found a transporter.
 17250 | Gauntlet | Found a transporter.
 17318 | Gauntlet | Found a transporter.
 17333 | Gauntlet | Found a transporter.
 17353 | Gauntlet | Found a transporter.
 17362 | Gauntlet | Found a transporter.
 17450 | Gauntlet | Found a transporter.
 17459 | Gauntlet | Found a transporter.
 17461 | Gauntlet | Found a transporter.
 17464 | Gauntlet | Found a transporter.
 17470 | Gauntlet | Found a transporter.
 17632 | Lair:3   | Noticed Fannar
 17648 | Lair:3   | Killed Fannar
 18491 | Lair:4   | Found a frozen archway.
 18501 | IceCv    | Entered an ice cave
 18548 | IceCv    | Noticed a quicksilver ooze
 18559 | IceCv    | Killed a quicksilver ooze
 18811 | IceCv    | Identified the ring "Myfe" {rF+ EV+5 Str+2 Dex+2}
 18813 | IceCv    | Identified the ring "Asibrelo" {Will+ Str+6}
 19523 | IceCv    | Noticed a quicksilver ooze
 19528 | IceCv    | Killed a quicksilver ooze
 20336 | IceCv    | Noticed a quicksilver ooze
 20342 | IceCv    | Killed a quicksilver ooze
 20352 | IceCv    | Reached skill level 15 in Axes
 20594 | IceCv    | Found a viscous altar of Jiyva.
 20594 | IceCv    | Noticed an azure jelly
 20607 | IceCv    | Killed an azure jelly
 20898 | IceCv    | Got the ring "Arghaock" {Ice rPois Dex+2}
 20900 | IceCv    | Identified the ring "Bipsyecku" {Fly MP+9}
 21430 | Lair:4   | Gained mutation: You regenerate a little health from kills.
                  | [demonic ancestry]
 21430 | Lair:4   | Reached XP level 14. HP: 103/114 MP: 14/14
 21532 | Lair:4   | Found a runed translucent door.
 22677 | Lair:5   | Entered Level 5 of the Lair of Beasts
 22868 | Lair:5   | Found a staircase to the Slime Pits.
 24307 | Lair:5   | Reached skill level 16 in Axes
 25391 | Slime:1  | Entered Level 1 of the Pits of Slime
 25391 | Slime:1  | Noticed a rockslime
 25405 | Lair:5   | Killed a rockslime
 25718 | Orc:1    | Entered Level 1 of the Orcish Mines
 26155 | Orc:2    | Entered Level 2 of the Orcish Mines
 26690 | Orc:2    | Found Fyicuh's General Store.
 26698 | Orc:2    | Bought a scroll of blinking for 97 gold pieces
 26702 | Orc:2    | Found Zitidin's Antique Weapon Shop.
 26775 | Orc:2    | Noticed an orc warlord
 26777 | Orc:2    | Found Veapi's Antique Armour Boutique.
 26784 | Orc:2    | Gained mutation: Your hexes are more powerful. [demonic
                  | ancestry]
 26784 | Orc:2    | Reached XP level 15. HP: 111/124 MP: 15/15
 26919 | Orc:2    | Found Liziegra's Book Shoppe.
 27059 | Orc:2    | Found Lotwoarimn's General Store.
 27067 | Orc:2    | Bought a +0 helmet for 45 gold pieces
 27067 | Orc:2    | Bought a scroll of teleportation for 30 gold pieces
 27085 | Orc:2    | Found a staircase to the Elven Halls.
 27117 | Orc:2    | Received a gift from Trog
 27150 | Orc:2    | Found Per Jireo's Firing Range.
 27618 | Swamp:1  | Entered Level 1 of the Swamp
 27927 | Swamp:1  | Reached skill level 17 in Axes
 28726 | Swamp:1  | Found a runed translucent gate.
 28727 | Swamp:1  | Found a runed translucent gate.
 28728 | Swamp:1  | Found a runed translucent gate.
 28731 | Swamp:1  | Noticed martty's ghost (journeyman MiFi)
 28745 | Swamp:1  | Killed martty's ghost
 28785 | Swamp:1  | Identified the +2 leather armour "Laibif" {rF+ rC- rN+}
 29429 | Swamp:2  | You are sucked into a shaft and drop 1 floor!
 29433 | Swamp:3  | Noticed Mlioglotl
 29435 | Swamp:3  | Noticed a fenstrider witch
 29444 | Swamp:3  | Killed a fenstrider witch
 29454 | Swamp:3  | Killed Mlioglotl
 29468 | Swamp:3  | Noticed a thorn hunter
 29476 | Swamp:3  | Noticed Syrassil's ghost (adept OgBr)
 29492 | Swamp:3  | Found a transporter.
 29678 | Swamp:3  | HP: 6/125 [will-o-the-wisp/foxfire (16)]
 29918 | Swamp:3  | Found a transporter.
 30201 | Swamp:3  | Identified 3 scrolls of acquirement
 30205 | Swamp:3  | Acquired a +1 heavy executioner's axe
 31393 | Swamp:2  | Reached skill level 18 in Axes
 32406 | Swamp:3  | Killed a thorn hunter
 32700 | Swamp:3  | Acquired an amulet of regeneration
 33121 | Swamp:3  | Noticed a thorn hunter
 33131 | Swamp:3  | Killed a thorn hunter
 33132 | Swamp:3  | Gained mutation: Your demonic aura causes all spilled blood
                  | to erupt in flames. [demonic ancestry]
 33132 | Swamp:3  | Reached XP level 16. HP: 133/133 MP: 11/16
 33463 | Swamp:3  | Acquired the +8 orange crystal plate armour {Archmagi,
                  | Int+3 Clar}
 33463 | Swamp:3  | Found the +8 orange crystal plate armour {Archmagi, Int+3
                  | Clar}
 33475 | Swamp:3  | Acquired the +5 pair of boots of Sunlight {Will+}
 33504 | Swamp:3  | Slain by a goliath frog

Illustrated notes

Levels and vault maps discovered:
D:1:      lightli_arrival_maybe_door_vault, layout_basic,
          hellmonk_ecumenical_altar_pennies_from_heaven,
          hangedman_decor_riveting
D:2:      layout_loops_ring, minmay_3d_cube
D:3:      layout_basic, nicolae_overflow_crystal_walls, serial_shops, shop
D:4:      layout_basic, serial_shops, nicolae_shop_behind_doors, shop_fountains,
          shop, nicolae_shop_window_shopping, gammafunk_ghost_necromancy,
          eino_small_chamber_without_monster
D:5:      layout_basic, lightli_sewer_entry_pipes, serial_bayou_lagoon_a,
          uniq_edmund
D:6:      layout_basic, old_standard_altar, uniq_grinder, uniq_blork_the_orc,
          uniq_crazy_yiuf_cottage, uniq_pikel
D:7:      lemuel_ice_statue, layout_loops_corners, minmay_temple_entry_ruins
D:8:      layout_loops_ring, minmay_manual_maat, uniq_joseph, uniq_gastronok
D:9:      corexii_shack_village, layout_basic, mainiacjoe_overflow_paths,
          pdpol_wu_jian_five_deadly_venoms, grunt_qazlal_sundering,
          lemuel_tele_altar
D:10:     layout_basic, amcnicky_altar_gilded, serial_shops, shop_fountains,
          minmay_misc_feat_rows, uniq_snorg
D:11:     layout_loops_cross, grunt_lair_entry_orc_guard_hut,
          kennysheep_nondescript
Lair:1:   layout_chaotic_city, maelrawn_ghost_gauntlet_escape
Lair:2:   nzn_winding_woodlands_huge [nzn_winding_woodlands_5x15_crooked,
          nzn_winding_woodlands_5x15_river_crossing,
          nzn_winding_woodlands_5x15_garden, nzn_winding_woodlands_5x15_pool,
          nzn_winding_woodlands_5x15_cabin,
          nzn_winding_woodlands_5x15_split_checker,
          nzn_winding_woodlands_5x15_zeroes, nzn_winding_woodlands_5x15_default,
          nzn_winding_woodlands_5x15_jagged, nzn_winding_woodlands_5x15_eye,
          nzn_winding_woodlands_center_pierced_h,
          nzn_winding_woodlands_center_triple_pond,
          nzn_winding_woodlands_15x15_eel_pit], layout_regular_city,
          palyth_hydra_swamp_entry, nicolae_spider_entry_lesser_pyramids,
          lemuel_fruit_tree
Lair:3:   layout_cave_pods, gauntlet_entry_generic, grunt_megastairs_3,
          uniq_fannar
Lair:4:   gammafunk_lair_enchanted_lake, layout_long_grid, basic_altar,
          portal_ice_cave_entry_pillars_2
Lair:5:   evilmike_catoblepas_cave, layout_hall_layers,
          nicolae_slime_entry_slimehenge, special_room
          [special_room_mythical_zoo]
Swamp:1:  layout_basic_swamp, ebering_ghost_rock_garden,
          evilmike_swamp_ruin_rubble_1, swamp_pool1, infiniplex_staircase_pool
Swamp:2:  layout_basic_swamp, nicolae_swamp_well_well_well
Swamp:3:  cheibrodos_swamp_tower_of_moss, layout_basic_swamp,
          gammafunk_ghost_berserking_beasts, infiniplex_staircase_pool_2,
          swamp_pool1, uniq_mlioglotl
Slime:1:  layout_caves, nicolae_slime_getting_an_eyeful
Orc:1:    layout_caves
Orc:2:    grunt_orc_gardens, layout_diamond_mine, grunt_orc_garden,
          grunt_orc_garden, grunt_orc_garden, grunt_orc_garden, serial_shops,
          shop, nicolae_shop_firing_range

Skill      XL: |  1  2  3  4  5  6  7  8  9 10 11 12 13 14 15 |
---------------+----------------------------------------------+-----
Armour         | 2 3 4 7 9 11 12 13 14 | 14.3
Maces & Flails | 3 4 5 |  5.0
Fighting       | 4 5 8 10 11 13 14 | 14.0
Axes           | 4 7 10 12 13 14 15 16 18 | 18.6
Dodging        | |  1.7

Action                     |  1- 3 |  4- 6 |  7- 9 | 10-12 | 13-15 | 16-18 || total
---------------------------+-------+-------+-------+-------+-------+-------++-------
  Melee: Mace              |   128 |       |       |       |       |       ||   128
         Morningstar       |     5 |    91 |    42 |       |       |       ||   138
         Punch             |     2 |       |     2 |     5 |    14 |       ||    23
         Flail             |       |       |   232 |    11 |       |       ||   243
         War axe           |       |       |    11 |   535 |   143 |       ||   689
         Broad axe         |       |       |       |       |   506 |       ||   506
         Battleaxe         |       |       |       |       |   418 |    11 ||   429
 Invoke: Berserk           |       |     1 |     4 |    10 |    26 |     1 ||    42
         Trog's Hand       |       |       |     3 |     1 |    10 |     1 ||    15
         Brothers in Arms  |       |       |       |     1 |     6 |       ||     7
    Use: Scroll            |     2 |       |     6 |    14 |    23 |     3 ||    48
         Potion            |       |       |     1 |     3 |    11 |       ||    15
   Stab: Invisible         |       |       |       |       |     3 |       ||     3
         Distracted        |       |       |       |       |     1 |       ||     1
 Armour: Chain mail        |    70 |    64 |   165 |    13 |       |       ||   312
         Animal skin       |     2 |       |       |       |       |       ||     2
         Plate armour      |       |       |       |   409 |   700 |       ||  1109
         Crystal plate arm |       |       |       |       |       |    61 ||    61
  Dodge: Dodged            |    57 |    43 |   151 |   221 |   348 |    18 ||   838

Table legend: (Time is in decaauts)
 A = Elapsed time spent in this place.
 B = Non-inter-level travel time spent in this place.
 C = Inter-level travel time spent in this place.
 D = Time resting spent in this place.
 E = Time spent auto-exploring this place.
 F = Levels seen in this place.
 G = Mean time per level.
                   A        B        C        D        E       F      G
               +--------+--------+--------+--------+--------+-----+--------+
         Total |  34736 |  33756 |    980 |  13896 |  12825 |  25 | 1389.4 |
       Dungeon |  13492 |  13048 |    444 |   2846 |   7057 |  11 | 1226.5 |
          Lair |  11004 |  10575 |    429 |   4802 |   4039 |   5 | 2200.8 |
         Swamp |   5644 |   5585 |     59 |   3587 |    950 |   3 | 1881.3 |
    Slime Pits |      6 |      6 |      0 |      0 |      0 |   1 |    6.0 |
  Orcish Mines |   1557 |   1511 |     46 |    677 |    501 |   2 |  778.5 |
         Sewer |     92 |     92 |      0 |      0 |     15 |   1 |   92.0 |
      Ice Cave |   2571 |   2571 |      0 |   1983 |    115 |   1 | 2571.0 |
      Gauntlet |    367 |    367 |      0 |      0 |    146 |   1 |  367.0 |
               +--------+--------+--------+--------+--------+-----+--------+

Top non-repeatable levels by time:
  Lair:5: 2850 daAuts
  Lair:2: 2806 daAuts
   IceCv: 2571 daAuts
 Swamp:3: 2285 daAuts
 Swamp:2: 2283 daAuts
  Lair:4: 2260 daAuts
  Lair:1: 1886 daAuts
     D:5: 1798 daAuts
     D:6: 1702 daAuts
    D:11: 1621 daAuts
     D:8: 1377 daAuts
     D:9: 1318 daAuts
   Orc:2: 1296 daAuts
     D:7: 1261 daAuts
  Lair:3: 1201 daAuts
